 Dungeon Crawl Stone Soup version 0.31-a0-1104-g3bd3108e02 (webtiles) character file.

Game seed: 8496020975685731870

257 ChronoRanger the Cudgeller (level 5, -2/47 HPs)
             Began as a Minotaur Fighter on Dec 2, 2023.
             Slain by a gnoll
             ... wielding a +1 flail of venom
              (8 damage)
             ... on level 3 of the Dungeon.
             The game lasted 00:06:06 (2444 turns).

ChronoRanger the Cudgeller (Minotaur Fighter)       Turns: 2444, Time: 00:06:07

Health: -2/47      AC:  8    Str: 22    XL:     5   Next: 93%
Magic:  0/4        EV:  9    Int:  5    God:
Gold:   196        SH:  4    Dex: 10    Spells: 4/4 levels left

rFire   . . .        a - +0 flail
rCold   . . .        c - +0 buckler
rNeg    . . .        b - +0 scale mail
rPois   .            (helmet restricted)
rElec   .            (no cloak)
rCorr   .            (no gloves)
SInv    .            k - +0 pair of boots
Will    .....        e - amulet of guardian spirit Stlth
                     (no ring)
HPRegen 0.27/turn    (no ring)
MPRegen 0.09/turn

%: guardian spirit
@: mighty, lethally poisoned (-2 -> -9)
A: horns 2, retaliatory headbutt
a: no special abilities


You were on level 3 of the Dungeon.
You visited 1 branch of the dungeon, and saw 3 of its levels.

You collected 196 gold pieces.

Inventory:

Hand Weapons
 a - a +0 flail (weapon)
Missiles
 f - 2 javelins
Armour
 b - a +0 scale mail (worn)
 c - a +0 buckler (worn)
 k - a +0 pair of boots (worn)
Jewellery
 e - an amulet of guardian spirit (around neck)
Scrolls
 g - a scroll of teleportation {unknown}
 j - a scroll of noise {unknown}
 l - 4 scrolls of enchant weapon
 m - a scroll of blinking {unknown}
 n - a scroll of brand weapon
 o - a scroll of vulnerability {unknown}
 p - a scroll of fear {unknown}
 q - a scroll of fog {unknown}
Potions
 h - a potion of haste
 i - a potion of heal wounds
 r - 2 potions of curing {unknown}
 s - a potion of enlightenment {unknown}


   Skills:
 + Level 4.8 Fighting
 * Level 5.0 Maces & Flails
 + Level 4.8 Armour
 + Level 4.8 Shields


You had 4 spell levels left.
You didn't know any spells.
Your spell library contained the following spells:

 Spells                   Type           Power      Damage    Failure   Level
 Sublimation of Blood     Necr           0%         N/A       94%         2
 Wereblood                Tmut           0%         N/A       94%         2
 Frozen Ramparts          Ice            0%         1d1       99%         3
 Petrify                  Tmut/Erth      0%         N/A       100%        4
 Irradiate                Conj/Tmut      0%         3d11      100%        5
 Metabolic Englaciation   Hex/Ice        0%         N/A       100%        5
 Summon Hydra             Summ           0%         N/A       100%        7


Dungeon Overview and Level Annotations

Branches:
Dungeon (3/15)

Altars:
Cheibriados

Shops:
D:2 (

Annotations:
D:3 1 runed translucent door, Crazy Yiuf


Innate Abilities, Weirdness & Mutations

You have a pair of horns on your head.
You reflexively headbutt those who attack you in melee.


Message History

The gnoll burns you.
You barely miss the gnoll.
The gnoll is heavily wounded.
The gnoll hits you with a +0 flail. The gnoll hits you but does no damage.
You completely miss the gnoll.
The gnoll is heavily wounded.
The gnoll hits you but does no damage. x2
You thump the gnoll!
You kill the gnoll!
You block the gnoll's attack.
The gnoll hits you from afar with a +0 spear of flaming.
The gnoll burns you. 2 gnolls come into view.
A gnoll is wielding a +1 flail of venom.
The gnoll shouts! x2
The gnoll misses you. You furiously retaliate!
You headbutt the gnoll.
You see here a +0 flail.
You hit the gnoll. You headbutt the gnoll!
The gnoll is almost dead.
The gnoll hits you with a +0 spear of flaming.
* * * LOW HITPOINT WARNING * * *
The gnoll burns you.
* * * LOW HITPOINT WARNING * * *
You are too injured to fight recklessly!
You feel very mighty all of a sudden. The gnoll hits you but does no damage.
The gnoll hits you with a +3 flail.
* * * LOW HITPOINT WARNING * * *
You thump the gnoll!
You kill the gnoll!
The gnoll hits you but does no damage.
You closely miss the gnoll. The gnoll hits you but does no damage.
You are poisoned.
The gnoll hits you with a +3 flail!
* * * LOW HITPOINT WARNING * * *
You thump the gnoll!
The gnoll is severely wounded.
* * * LOW HITPOINT WARNING * * *
You feel very sick.
The gnoll hits you with a +1 flail of venom!
You die...

.......# # #.....# #.#.####
#g####..### ##### #...#
.g..#....# ### ###.#.. ##..#
#.'.#### #)).##.)#.PP ....#
#...## #.).+.####PP .##.####
####....# #)..### ##. .##....#
#..(....# ### ## .# #>#.#
#...gg..# .###...#####.###@..#
................##############
........###.....##...........#
###.##### #.....##...........#
#.# #.#................# #.#
####.########))>....### ###.#
#....# #)#######
....####.##.### #.#
†#####.....#### ###.#


You could see 2 gnolls.

Vanquished Creatures
  An iron imp (D:3)
  An orc wizard (D:3)
  Natasha (twice) (D:2)
  6 adders
  2 gnolls (D:3)
  2 worms
  A dart slug (D:2)
  6 orcs (D:3)
  4 endoplasms
  3 giant cockroaches
  7 goblins
  5 hobgoblins
  3 quokkas
  12 ball pythons
  7 bats
  2 frilled lizards
  5 kobolds
  2 rats
71 creatures vanquished.

Notes
Turn   | Place    | Note
-------+----------+-------------------------------------------
     0 | D:1      | ChronoRanger the Minotaur Fighter began the quest for the
                  | Orb.
     0 | D:1      | Reached XP level 1. HP: 19/19 MP: 0/0
    19 | D:1      | Found a faded altar of an unknown god.
   251 | D:1      | Reached XP level 2. HP: 27/27 MP: 1/1
   375 | D:1      | Reached skill level 3 in Maces & Flails
   929 | D:2      | Found Hiukkelim's Weapon Emporium.
   982 | D:2      | Reached XP level 3. HP: 33/33 MP: 2/2
  1279 | D:2      | Noticed Natasha
  1289 | D:2      | Killed Natasha
  1290 | D:2      | Reached XP level 4. HP: 35/40 MP: 3/3
  1346 | D:2      | Reached skill level 4 in Maces & Flails
  1558 | D:2      | Noticed Natasha
  1563 | D:2      | Killed Natasha
  1834 | D:3      | Found a runed translucent door.
  1835 | D:3      | Noticed Crazy Yiuf
  1988 | D:3      | Reached XP level 5. HP: 39/47 MP: 2/4
  2259 | D:3      | Found a snail-covered altar of Cheibriados.
  2380 | D:3      | Reached skill level 5 in Maces & Flails
  2444 | D:3      | Slain by a gnoll

Illustrated notes

Levels and vault maps discovered:
D:1:      kennysheep_arrival_forest, layout_loops_ring,
          ebering_ecumenical_altar_mist, supply_closet_lemuel,
          minmay_pentomino_v4
D:2:      layout_basic, serial_shops, shop, st_stairs_11, uniq_natasha
D:3:      layout_basic, slow_altar_1, roderic_filled_cross,
          minmay_gold_behind_fungi, uniq_crazy_yiuf_cottage

Skill      XL: |  1  2  3  4  5 |
---------------+----------------+-----
Maces & Flails | 3 4 5 |  5.0
Fighting       | 4 |  4.8
Armour         | 4 |  4.8
Shields        | 4 |  4.8

Action                     |  1- 3 |  4- 6 || total
---------------------------+-------+-------++-------
  Melee: Flail             |    78 |    89 ||   167
         Headbutt          |    10 |    13 ||    23
    Use: Scroll            |     3 |     1 ||     4
         Potion            |       |     1 ||     1
 Armour: Scale mail        |    43 |    75 ||   118
  Dodge: Dodged            |    42 |    42 ||    84
  Block: Buckler           |    16 |    19 ||    35

Table legend: (Time is in decaauts)
 A = Elapsed time spent in this place.
 B = Non-inter-level travel time spent in this place.
 C = Inter-level travel time spent in this place.
 D = Time resting spent in this place.
 E = Time spent auto-exploring this place.
 F = Levels seen in this place.
 G = Mean time per level.
                   A        B        C        D        E       F      G
               +--------+--------+--------+--------+--------+-----+--------+
         Total |   2483 |   2391 |     92 |    145 |   1686 |   3 |  827.7 |
       Dungeon |   2483 |   2391 |     92 |    145 |   1686 |   3 |  827.7 |
               +--------+--------+--------+--------+--------+-----+--------+

Top non-repeatable levels by time:
     D:2: 994 daAuts
     D:1: 828 daAuts
     D:3: 660 daAuts
